 Dungeon Crawl Stone Soup version 0.31.0-11-ge490571c62 (webtiles) character file.

Game seed: 8979984888451521793

1407 qw the Skirmisher (level 8, -2/46 HPs)
             Began as a Deep Elf Hunter on Feb 3, 2024.
             Was a Follower of Okawaru.
             Incinerated by a bombardier beetle (3 damage)
             ... with a burning spray
             ... on level 5 of the Dungeon.
             The game lasted 00:00:21 (3114 turns).

qw the Skirmisher (Deep Elf Hunter)                 Turns: 3114, Time: 00:00:21

Health: -2/46      AC:  6    Str: 10    XL:     8   Next: 42%
Magic:  10/10      EV: 17    Int: 15    God:    Okawaru [*.....]
Gold:   157        SH:  0    Dex: 18    Spells: 7/7 levels left

rFire   . . .        a - +2 shortbow
rCold   . . .        (shield currently unavailable)
rNeg    . . .        m - +1 ring mail of Koexunaq {Fly Stlth+}
rPois   .            (no helmet)
rElec   .            (no cloak)
rCorr   .            (no gloves)
SInv    .            (no boots)
Will    .....        n - amulet of faith
Stlth   +            d - +5 ring of evasion
HPRegen 0.27/turn    (no ring)
MPRegen 0.12/turn

%: faith
@: on fire, flying, glowing
A: no striking features
a: Renounce Religion, Heroism


You were on level 5 of the Dungeon.
You worshipped Okawaru.
Okawaru was aware of your devotion.
You visited 2 branches of the dungeon, and saw 6 of its levels.

You collected 157 gold pieces.


   Skills:
 - Level 3.0 Fighting
 + Level 12.9 Ranged Weapons
 - Level 1.1 Armour
 - Level 4.5 Dodging
 - Level 1.2 Stealth
 + Level 0.0 Invocations


You had 7 spell levels left.
You didn't know any spells.
Your spell library was empty.

Inventory:

Hand Weapons
 a - a +2 shortbow (weapon)
Armour
 j - the +1 fire dragon scales of Faduer {-Tele rF++ rC- Int+3 Dex+3 Stlth+}
   (You found it on level 2 of the Dungeon)

   Int+3:     It affects your intelligence (+3).
   Dex+3:     It affects your dexterity (+3).
   rF++:      It greatly protects you from fire.
   rC-:       It makes you vulnerable to cold.
   -Tele:     It prevents most forms of teleportation.
   Stlth+:    It makes you more stealthy.
 m - the +1 ring mail of Koexunaq (worn) {Fly Stlth+}
   (You found it on level 3 of the Dungeon)

   Fly:       It grants you flight.
   Stlth+:    It makes you more stealthy.
 q - a +0 pair of boots
Jewellery
 d - a +5 ring of evasion (left hand)
 n - an amulet of faith (around neck)
Wands
 b - a wand of acid (3)
Scrolls
 c - a scroll of identify {unknown}
 e - a scroll of silence {unknown}
Potions
 f - a potion of might {unknown}
 g - a potion of resistance {unknown}
 h - a potion of curing
 i - a potion of enlightenment {unknown}
 k - a potion of attraction {unknown}
 l - a potion of berserk rage {unknown}
 o - a potion of degeneration {unknown}
 p - a potion of haste {unknown}

Dungeon Overview and Level Annotations

Branches:
Dungeon (5/15)             Temple (1/1) D:5

Altars:
Ashenzari
Dithmenos
Elyvilon
Fedhas
Gozag
Hepliaklqana
Kikubaaqudgha
Makhleb
Okawaru
Qazlal
Ru
Sif Muna
Trog
Uskayaw
Vehumet
Xom
Yredelemnul
Zin
The Shining One

Annotations:
D:4 exclusions: 3 gnolls and 2 gnoll sergeants


Message History

You kill the sky beast!
Okawaru accepts your kill.
The centaur shoots an arrow.
The arrow barely misses you.
The centaur shoots an arrow.
The arrow hits you.
The bombardier beetle sprays incendiary fluid at you.
The burning spray hits you.
You are covered in liquid fire!
You shoot an arrow.
The arrow hits the centaur but does no damage.
The liquid fire burns you!
You shoot an arrow. The arrow hits the centaur.
The centaur is lightly wounded.
The liquid fire burns you!
The centaur unwields a +0 orcbow.
The centaur barely misses you. The centaur closely misses you.
You shoot an arrow. The arrow hits the centaur!
The centaur is heavily wounded.
The liquid fire burns you! The centaur misses you.
The centaur barely misses you. The centaur hits you.
The centaur kicks you but does no damage.
You shoot an arrow. The arrow hits the centaur.
The centaur is severely wounded.
The liquid fire burns you! The centaur hits you. The centaur kicks you.
You shoot an arrow. The arrow hits the centaur.
The centaur is almost dead.
The liquid fire burns you! The centaur closely misses you.
The centaur misses you.
You shoot an arrow. The arrow hits the centaur!
You kill the centaur!
Okawaru accepts your kill.
You can now gain great but temporary skills.
The liquid fire burns you!
The bombardier beetle sprays incendiary fluid at you.
The burning spray hits you.
You are even more covered in liquid fire!
You shoot an arrow. The arrow hits the bombardier beetle.
The bombardier beetle is lightly wounded.
The liquid fire burns you!
You die...

... ####.
....####...
#+###
..........
#.#.###
...#.##.##
##.#~..# ...##
##..#.?.##
#...##
..#+#...#B...#
#.#.##
.....%..#)...#
..#.[.
#.....).@##
..####.
#.........####
#.# #.
+#..(#.......+
#.
#.........####
#........##
........#+
..#+#...#
##..# ##.


You could see a bombardier beetle.

Vanquished Creatures
  Pikel (D:4)
  A sky beast (D:5)
  2 ogres
  A centaur (D:5)
  2 lemures (D:4)
  2 phantoms
  A bombardier beetle (D:5)
  A gnoll bouda (D:5)
  A sleepcap (D:4)
  Terence (D:3)
  3 orc wizards
  7 gnolls
  9 adders
  A ribbon worm (D:2)
  6 dart slugs
  19 orcs
  9 ball pythons
  5 endoplasms
  11 goblins
  6 hobgoblins
  2 jackals (D:3)
  7 kobolds
  2 quokkas
  3 bats
  A frilled lizard (D:2)
  8 rats
112 creatures vanquished.

Notes
Turn   | Place    | Note
-------+----------+-------------------------------------------
     0 | D:1      | qw the Deep Elf Hunter began the quest for the Orb.
     0 | D:1      | Reached XP level 1. HP: 12/12 MP: 3/3
     0 | D:1      | 0 ||| qw: Version: 0.3-a-157-g843a77d
     0 | D:1      | 0 ||| qw: Game counter: 3683
     0 | D:1      | 0 ||| qw: Melee chars always use a shield: true
     0 | D:1      | 0 ||| qw: God list: Okawaru
     0 | D:1      | 0 ||| qw: Allow faded altars: false
     0 | D:1      | 0 ||| qw: Do Orc after clearing Dungeon:15 true
     0 | D:1      | 0 ||| qw: Do second Lair branch before Depths: true
     0 | D:1      | 0 ||| qw: Lair rune preference: random
     0 | D:1      | 0 ||| qw: Goals: Normal
     0 | D:1      | 0 ||| PLANNING D:1-11
    87 | D:1      | Reached XP level 2. HP: 16/16 MP: 4/4
   135 | D:1      | Reached skill level 6 in Ranged Weapons
   491 | D:1      | 491 ||| DROPPING +6 ring of intelligence.
   492 | D:1      | 492 ||| READING 2 scrolls labelled ZEIRCH SIPNERO.
   493 | D:1      | 493 ||| READING scroll labelled JUXIOFROIPT.
   498 | D:1      | 498 ||| DROPPING scroll of butterflies.
   499 | D:1      | 499 ||| DROPPING scroll of fog.
   545 | D:2      | Reached XP level 3. HP: 20/20 MP: 5/5
   695 | D:2      | Identified the +1 fire dragon scales of Faduer {-Tele rF++
                  | rC- Int+3 Dex+3 Stlth+}
   738 | D:2      | Reached skill level 7 in Ranged Weapons
  1058 | D:2      | 1058 ||| UPGRADING to +5 ring of evasion.
  1059 | D:2      | 1059 ||| READING 2 scrolls labelled QUFEDOAXYODD.
  1059 | D:2      | 1059 ||| ENCHANTING +0 shortbow.
  1060 | D:2      | 1060 ||| READING scroll of enchant weapon.
  1060 | D:2      | 1060 ||| ENCHANTING +1 shortbow.
  1061 | D:2      | 1061 ||| READING scroll labelled PANUAP HES.
  1062 | D:2      | 1062 ||| DRINKING 2 bubbling dark potions.
  1104 | D:3      | Reached XP level 4. HP: 25/25 MP: 6/6
  1178 | D:3      | Noticed Terence
  1183 | D:3      | Killed Terence
  1184 | D:3      | Reached skill level 8 in Ranged Weapons
  1344 | D:3      | Identified the +1 ring mail of Koexunaq {Fly Stlth+}
  1648 | D:3      | Reached XP level 5. HP: 29/29 MP: 7/7
  1893 | D:3      | 1893 ||| UPGRADING to +1 ring mail of Koexunaq {Fly
                  | Stlth+}.
  1903 | D:3      | 1903 ||| DROPPING +0 leather armour.
  1904 | D:3      | 1904 ||| UPGRADING to amulet of faith.
  1909 | D:3      | 1909 ||| DRINKING 2 ruby potions.
  1922 | D:3      | 1922 ||| DROPPING potion of lignification.
  1947 | D:4      | Noticed a lemure
  1948 | D:4      | 1948 ||| STAIRDANCE
  1961 | D:4      | Killed a lemure
  1964 | D:4      | Noticed a lemure
  1964 | D:4      | Noticed a lemure
  1967 | D:4      | Noticed Pikel
  1968 | D:4      | Noticed a lemure
  1978 | D:4      | Killed a lemure
  1980 | D:4      | HP: 6/29 [frozen (4)]
  1981 | D:4      | 1981 ||| READING scroll of teleportation.
  1982 | D:4      | HP: 2/29 [Pikel/+0 whip of freezing (2)]
  1992 | D:4      | 1992 ||| RETREEEEATING.
  2021 | D:4      | Killed Pikel
  2022 | D:4      | Reached skill level 11 in Ranged Weapons
  2022 | D:4      | Reached XP level 6. HP: 13/34 MP: 8/8
  2022 | D:4      | Reached XP level 7. HP: 15/38 MP: 9/9
  2173 | D:4      | Reached skill level 3 in Dodging
  2318 | D:4      | Reached skill level 12 in Ranged Weapons
  2556 | D:4      | HP: 7/40 [gnoll sergeant/+0 spear (11)]
  2749 | D:5      | Entered Level 5 of the Dungeon
  2773 | D:5      | Reached skill level 1 in Armour
  2877 | D:5      | 2877 ||| RETREEEEATING.
  2880 | D:5      | Reached XP level 8. HP: 45/45 MP: 10/10
  2889 | D:5      | Reached skill level 3 in Fighting
  2900 | D:5      | Found a staircase to the Ecumenical Temple.
  2901 | D:5      | 2901 ||| PLANNING TEMPLE
  2908 | Temple   | Entered the Ecumenical Temple
  2909 | Temple   | 2909 ||| PLANNING OKAWARU WORSHIP
  2923 | Temple   | Became a worshipper of Warmaster Okawaru
  2924 | Temple   | 2924 ||| PLANNING D:1-11
  2979 | D:5      | Found a white marble altar of Elyvilon.
  3111 | D:5      | HP: 10/46 [burnt (4)]
  3112 | D:5      | HP: 4/46 [burnt (5)]
  3113 | D:5      | Reached * piety under Okawaru
  3113 | D:5      | HP: 1/46 [burnt (3)]
  3114 | D:5      | Incinerated by a bombardier beetle

Levels and vault maps discovered:
D:1:      dpeg_arrival_refuge, layout_basic
D:2:      layout_loops_cross
D:3:      layout_basic, grunt_ministairs_5,
          nicolae_concentric_dashed_squares_mild, uniq_terence
D:4:      layout_cave_pools, serial_column_ruins, column_ruins_hut_ruined,
          column_ruins_columns_corner, column_ruins_open_tiny_water,
          column_ruins_grid_3, column_ruins_open_tiny,
          column_ruins_columns_corner, column_ruins_open_medium,
          lightli_minifort, uniq_pikel
D:5:      layout_rooms, mainiacjoe_overflow_tiny_flanked,
          minmay_temple_entry_trees, minmay_pentangle
Temple:   eino_narrow_crystal_temple

Skill      XL: |  1  2  3  4  5  6  7  8 |
---------------+-------------------------+-----
Ranged Weapons | 6 7 8 11 12 | 12.9
Fighting       | 2 3 |  3.0
Dodging        | 3 4 |  4.5
Armour         | 1 |  1.1
Stealth        | |  1.2

Action                     |  1- 3 |  4- 6 |  7- 9 || total
---------------------------+-------+-------+-------++-------
   Fire: Shortbow          |   105 |   118 |   177 ||   400
    Use: Scroll            |     5 |     1 |       ||     6
         Potion            |     1 |     1 |       ||     2
 Armour: Leather armour    |    12 |     3 |       ||    15
         Ring mail         |       |    19 |    27 ||    46
  Dodge: Dodged            |    19 |    44 |    50 ||   113

Table legend:
 A = Non-vault XP
 B = Vault XP
 C = Vault XP percentage of total XP
 D = Non-vault monster count
 E = Vault monster count
 F = Vault count percentage of total count
                 A         B        C        D         E       F
            +---------+---------+-------+---------+---------+-------
      Total |    1011 |     999 |  49.7 |     100 |      10 |   9.1
            +---------+---------+-------+---------+---------+-------
        D:1 |      33 |       0 |   0.0 |      18 |       0 |   0.0
        D:2 |      62 |       0 |   0.0 |      21 |       0 |   0.0
        D:3 |      86 |      42 |  32.8 |      20 |       3 |  13.0
        D:4 |     383 |     701 |  64.7 |      23 |       3 |  11.5
        D:5 |     447 |     256 |  36.4 |      18 |       4 |  18.2
            +---------+---------+-------+---------+---------+-------
